 Dungeon Crawl Stone Soup version 0.25.0-37-gb73750e0fb (webtiles) character file.

Game seed: 10064208426757019864

1629 H0rd4k the Thaumaturge (level 8, -1/42 HPs)
             Began as a Deep Elf Wizard on July 9, 2020.
             Was an Initiate of Gozag.
             Shot with an arrow by a centaur (11 damage)
             ... on level 7 of the Dungeon.
             The game lasted 00:15:37 (7891 turns).

H0rd4k the Thaumaturge (Deep Elf Wizard)            Turns: 7891, Time: 00:15:40

Health: -1/42      AC:  5    Str:  4    XL:     8   Next: 65%
Magic:  15/23      EV: 14    Int: 26    God:    Gozag
Gold:   403        SH:  0    Dex: 13    Spells: 14/26 levels left

rFire    . . .     SeeInvis +   (no weapon)
rCold    . . .     Gourm    .   (no shield)
rNeg     + . .     Faith    .   a - +0 robe
rPois    .         Spirit   .   b - +0 hat
rElec    .         Reflect  .   (no cloak)
rCorr    +         Harm     .   y - +1 pair of gloves "Kuyziuts" {+Inv rN+ SInv}
MR       .....                  u - +0 pair of boots (curse)
Stlth    ++........             (no amulet)
HPRegen  0.14/turn              g - ring of resist corrosion
MPRegen  0.18/turn              (no ring)

@: no status effects
A: no striking features
a: Potion Petition, Call Merchant, Bribe Branch, Renounce Religion, Evoke
Invisibility


You were on level 7 of the Dungeon.
You worshipped Gozag.
Gozag was aware of your devotion.
You were not hungry.

You visited 2 branches of the dungeon, and saw 8 of its levels.

You collected 539 gold pieces.
You paid 136 gold pieces to Gozag.

Inventory:

Missiles
 n - 8 poisoned darts (quivered)
Armour
 a - a +0 robe (worn)
 b - a +0 hat (worn)
 u - a cursed +0 pair of boots (worn)
 y - the +1 pair of gloves "Kuyziuts" (worn) {+Inv rN+ SInv}
   (You found it on level 4 of the Dungeon)

   It protects you from negative energy.
   It lets you see invisible.
   It lets you turn invisible.
Jewellery
 g - a ring of resist corrosion (left hand)
 A - an uncursed amulet of magic regeneration {unknown}
 E - an uncursed amulet of the acrobat {unknown}
Wands
 C - a wand of paralysis (5)
Scrolls
 c - 3 scrolls of teleportation
 f - 2 scrolls of immolation {unknown}
 h - 2 scrolls of magic mapping
 p - a scroll of fear {unknown}
 q - 3 scrolls of fog
 r - 2 scrolls of remove curse {unknown}
 s - a scroll of noise
 t - 3 scrolls of identify {unknown}
 z - a scroll of acquirement {unknown}
 B - a scroll of blinking {unknown}
Potions
 e - a potion of mutation {unknown}
 i - 2 potions of degeneration {unknown}
 j - 3 potions of haste {unknown}
 k - a potion of heal wounds {unknown}
 l - 2 potions of ambrosia {unknown}
 m - 5 potions of flight {unknown}
 o - 2 potions of cancellation {unknown}
 v - a potion of might {unknown}
 w - 2 potions of brilliance {unknown}
 x - a potion of magic {unknown}
 D - a potion of curing {unknown}
Comestibles
 d - 11 rations


   Skills:
 + Level 0.7 Fighting
 + Level 3.9 Dodging
 + Level 3.3 Stealth
 + Level 9.6 Spellcasting
 + Level 6.4 Conjurations
   Level 1.1 Summonings
 + Level 2.3 Translocations
 * Level 4.0 Fire Magic
 * Level 3.5 Poison Magic


You had 14 spell levels left.
You knew the following spells:

 Your Spells              Type           Power        Failure   Level  Hunger
a - Magic Dart            Conj           ####         1%          1    None
b - Blink                 Tloc           N/A          2%          2    None
c - Conjure Flame         Conj/Fire      #####...     1%          3    None
d - Mephitic Cloud        Conj/Pois/Air  ####....     3%          3    None
e - Gell's Gravitas       Tloc           ####......   5%          3    None

Your spell library contained the following spells:

 Spells                   Type           Power        Failure   Level  Hunger
 Beastly Appendage        Tmut           ##....       4%          1    None
 Call Imp                 Summ           ###.....     4%          2    None
 Spider Form              Tmut/Pois      ###.......   7%          3    None
 Slow                     Hex            ##......     8%          2    None
 Sticks to Snakes         Tmut           ##......     8%          2    None
 Confusing Touch          Hex            ##......     14%         3    None
 Ice Form                 Ice/Tmut       ##......     43%         4    None
 Petrify                  Tmut/Erth      ##......     43%         4    None
 Blade Hands              Tmut           ##........   80%         5    ####...
 Metabolic Englaciation   Hex/Ice        ##........   80%         5    ####...
 Yara's Violent Unravell  Hex/Tmut       ##........   80%         5    ####...


Dungeon Overview and Level Annotations

Branches:
Dungeon (7/15)             Temple (1/1) D:5

Altars:
Ashenzari
Cheibriados
Elyvilon
Fedhas
Gozag
Hepliaklqana
Kikubaaqudgha
Makhleb
Nemelex Xobeh
Okawaru
Ru
Sif Muna
Trog
Uskayaw
Vehumet
Wu Jian
Xom
Zin
The Shining One

Annotations:
D:5 exclusion: downstairs


Message History

Press: ? - help, Shift-Dir - straight line, f/p - centaur
Aim: a centaur, wielding a +0 shortbow and quivering 16 arrows (heavily wounded)
The magic dart hits the centaur.
The centaur is severely wounded.
The centaur shoots an arrow.
The arrow hits you!
The centaur shoots an arrow.
The arrow hits you!
Casting: Magic Dart (safe; 1% risk of failure)
Confirm with . or Enter, or press ? or * to list all spells.
Aiming: Magic Dart (safe; 1% risk of failure)
Press: ? - help, Shift-Dir - straight line, f/p - centaur
Aim: a centaur, wielding a +0 shortbow and quivering 14 arrows (heavily wounded)
The magic dart hits the centaur.
The centaur is severely wounded.
The centaur shouts!
The centaur shoots an arrow.
The arrow hits you.
* * * LOW HITPOINT WARNING * * *
The centaur wields a +0 shortbow.
The centaur shoots an arrow.
The arrow hits you!
You die...
Your body crumbles into a pile of gold.

............######
.........$>....#.#
...........<...#.#
..............##)#
...?...........#.#
#................#
..............###
..............#
.........@...#
.........!c.#
...........#
.....####.#..
..... ....... ....
#.#..#c..c ... #.
..#.... .## #. ..#
### #. .##


You could see 2 centaurs.

Vanquished Creatures
  Edmund (D:4)
  Duvessa (D:7)
  An orc warrior (D:6)
  2 phantoms
  A sky beast (D:6)
  5 bullfrogs
  Dowan (D:7)
  5 wights (D:6)
  A crimson imp (D:6)
  A jelly (D:6)
  A bullfrog skeleton (D:5)
  A centaur skeleton (D:4)
  2 orc wizards (D:4)
  5 worker ants
  A killer bee zombie (D:6)
  8 adders
  2 worms
  3 dart slugs
  2 leopard geckos (D:1)
  10 orcs
  7 bats
  6 giant cockroaches
  8 hobgoblins
  4 jackals
  A quokka (D:4)
  4 ball pythons
  6 frilled lizards
  14 goblins
  10 kobolds
  3 rats (D:1)
117 creatures vanquished.

Notes
Turn   | Place    | Note
-------+----------+-------------------------------------------
     0 | D:1      | H0rd4k the Deep Elf Wizard began the quest for the Orb.
     0 | D:1      | Reached XP level 1. HP: 10/10 MP: 7/7
   114 | D:1      | Reached skill level 5 in Spellcasting
   114 | D:1      | Reached XP level 2. HP: 15/15 MP: 2/10
   198 | D:1      | Learned a level 2 spell: Blink
   863 | D:2      | Found a hazy altar of Hepliaklqana.
   895 | D:2      | Reached XP level 3. HP: 19/19 MP: 9/12
   900 | D:2      | Learned a level 3 spell: Conjure Flame
   904 | D:2      | Learned a level 3 spell: Mephitic Cloud
  1871 | D:2      | Found a bloodstained altar of Trog.
  1980 | D:2      | Reached skill level 6 in Spellcasting
  1985 | D:2      | Reached XP level 4. HP: 21/24 MP: 8/14
  2424 | D:2      | Learned a level 3 spell: Gell's Gravitas
  3141 | D:4      | Got a pair of spiked gloves
  3147 | D:4      | Identified the +1 pair of gloves "Kuyziuts" {+Inv rN+ SInv}
                  | (You found it on level 4 of the Dungeon)
  3214 | D:4      | Noticed Edmund
  3224 | D:4      | Killed Edmund
  3224 | D:4      | Reached skill level 7 in Spellcasting
  3224 | D:4      | Reached XP level 5. HP: 28/28 MP: 3/16
  3349 | D:4      | Found a sparkling altar of Nemelex Xobeh.
  3511 | D:4      | Reached XP level 6. HP: 21/32 MP: 11/18
  3884 | D:4      | Found the +3 pair of gauntlets of War {Slay+5}
  4246 | D:4      | Reached skill level 8 in Spellcasting
  4579 | D:5      | Entered Level 5 of the Dungeon
  4631 | D:5      | Found a shimmering altar of Xom.
  5008 | D:5      | Reached skill level 1 in Fire Magic
  5100 | D:5      | Reached XP level 7. HP: 36/36 MP: 16/20
  5296 | D:5      | Found a staircase to the Ecumenical Temple.
  5430 | D:6      | Reached skill level 1 in Poison Magic
  5486 | D:6      | Reached skill level 5 in Conjurations
  6155 | Temple   | Entered the Ecumenical Temple
  6384 | Temple   | Became a worshipper of Gozag Ym Sagoz the Greedy
  6522 | D:6      | Reached XP level 8. HP: 42/42 MP: 10/22
  6874 | D:6      | Reached skill level 9 in Spellcasting
  7606 | D:7      | Noticed Dowan
  7607 | D:7      | Noticed Duvessa
  7617 | D:7      | Killed Dowan
  7702 | D:7      | Killed Duvessa
  7891 | D:7      | Shot with an arrow by a centaur

Illustrated notes

Levels and vault maps discovered:
D:1:      dpeg_arrival_leaves_temple_mockup, layout_rooms, minmay_tiny_reverse_x
D:2:      layout_loops_corners, old_standard_altar, first_ration,
          hangedman_feature_mirror, trog_hazing_becter
D:3:      layout_basic
D:4:      layout_basic, nemelex_xobeh_ov_fountains_minmay, uniq_edmund
D:5:      layout_basic, nicolae_overflow_crystal_walls, temple_hall
D:6:      hangedman_cross_stitches, layout_basic
D:7:      layout_rooms, enter_bailey_2, serial_curves, eino_curves_04,
          eino_curves_02, uniq_duvessa
Temple:   nicolae_temple_elliptical

Skill      XL: |  1  2  3  4  5  6  7  8 |
---------------+-------------------------+-----
Spellcasting   | 5 6 7 8 9 |  9.6
Conjurations   | 2 3 4 5 6 |  6.4
Stealth        | 3 |  3.3
Dodging        | 3 |  3.9
Fire Magic     | 1 2 4 |  4.0
Poison Magic   | 2 3 |  3.5
Translocations | 2 |  2.3
Fighting       | |  0.7
Summonings     | |  1.1

Action                   |  1- 3 |  4- 6 |  7- 9 || total
-------------------------+-------+-------+-------++-------
 Cast: Magic Dart        |   111 |   143 |   104 ||   358
       Conjure Flame     |     2 |     3 |    16 ||    21
       Gell's Gravitas   |       |     1 |     9 ||    10
       Blink             |       |       |     2 ||     2
       Mephitic Cloud    |       |       |     1 ||     1
  Use: Scroll            |       |     4 |       ||     4
  Eat: Chunk             |     2 |    10 |     3 ||    15
       Ration            |       |       |     2 ||     2
Armor: Robe              |     4 |     6 |     2 ||    12
Dodge: Dodged            |    14 |    31 |    37 ||    82
